 Dungeon Crawl Stone Soup version 0.31-a0-198-g2ad674f65e (webtiles) character file.

Game seed: 5127838258501609961

382 qw the Skirmisher (level 6, -1/36 HPs)
             Began as a Deep Elf Hunter on June 25, 2023.
             Slain by a water moccasin (5 damage)
             ... on level 5 of the Dungeon.
             The game lasted 00:01:20 (3139 turns).

qw the Skirmisher (Deep Elf Hunter)                 Turns: 3139, Time: 00:01:20

Health: -1/36      AC: 13    Str: 10    XL:     6   Next: 47%
Magic:  8/8        EV: 11    Int: 14    God:
Gold:   130        SH:  0    Dex: 18    Spells: 5/5 levels left

rFire   . . .        Y - +0 shortbow
rCold   . . .        (shield currently unavailable)
rNeg    . . .        b - +0 ring mail
rPois   .            (no helmet)
rElec   .            (no cloak)
rCorr   .            i - +2 pair of gloves
SInv    +            p - +0 pair of boots
Will    .....        h - amulet of faith
Stlth   +            k - ring of see invisible
HPRegen 0.26/turn    d - +4 ring of protection
MPRegen 0.11/turn

%: faith
@: lethally poisoned (-1 -> -7), about to teleport
A: no striking features
a: no special abilities


You were on level 5 of the Dungeon.
You visited 1 branch of the dungeon, and saw 5 of its levels.

You collected 163 gold pieces.
You spent 33 gold pieces at shops.


   Skills:
 - Level 2.6 Fighting
 + Level 9.4 Ranged Weapons
 - Level 1.0 Armour
 - Level 2.4 Dodging
 - Level 1.2 Stealth


You had 5 spell levels left.
You didn't know any spells.
Your spell library was empty.

Inventory:

Hand Weapons
 Y - a +0 shortbow (weapon)
Armour
 b - a +0 ring mail (worn)
 i - a +2 pair of gloves (worn)
 p - a +0 pair of boots (worn)
Jewellery
 d - a +4 ring of protection (right hand)
 e - a +6 ring of strength
 h - an amulet of faith (around neck)
 k - a ring of see invisible (left hand)
 r - a ring of protection from cold
Scrolls
 a - 2 scrolls of teleportation
 f - a scroll of identify
Potions
 c - a potion of brilliance {unknown}
 l - a potion of haste
 m - a potion of heal wounds {unknown}
 n - a potion of lignification {unknown}
 s - a potion of enlightenment {unknown}
 t - a potion of magic {unknown}

Dungeon Overview and Level Annotations

Branches:
Dungeon (5/15)
 Temple: D:4-7

Altars:
Cheibriados
Hepliaklqana
Nemelex Xobeh
Ru

Shops:
D:1 *[[*   D:4 [


Message History

The arrow hits the water moccasin but does no damage.
You shoot an arrow. The arrow hits the water moccasin.
The water moccasin is lightly wounded.
The water moccasin bites you.
You are poisoned.
The water moccasin poisons you!
You shoot an arrow.
The arrow barely misses the water moccasin.
You feel very sick.
The water moccasin bites you but does no damage.
You shoot an arrow.
The arrow barely misses the water moccasin.
You feel very sick. The water moccasin barely misses you.
The water moccasin bites you but does no damage.
You shoot an arrow.
The arrow barely misses the water moccasin.
You feel sick. The water moccasin bites you.
You are more poisoned.
The water moccasin poisons you!
You shoot an arrow. The arrow hits the water moccasin.
The water moccasin is lightly wounded.
You feel very sick. The water moccasin bites you.
The water moccasin bites you but does no damage.
You shoot an arrow.
The arrow closely misses the water moccasin.
You feel very sick.
The water moccasin bites you but does no damage.
You shoot an arrow.
The arrow hits the water moccasin but does no damage.
The water moccasin is lightly wounded.
You feel sick. The water moccasin bites you.
The water moccasin bites you but does no damage.
3139 ||| READING 3 scrolls of teleportation.
As you read the scroll of teleportation, it crumbles to dust.
You feel strangely unstable.
You feel very sick. The water moccasin bites you.
You die...

....#............
<..##...........##
...#............. ####
...##..........## ...####
..###...........##.......
..###........%)%)....####
.........................
...............#....####.
.#.......##...##@.###
##.........[.##.S##
.....###......#.#. ...###
#..###... .. .... ####
#.#.... #..# #.. .... #.#
###..$... ## ......


You could see a water moccasin.

Vanquished Creatures
  An ogre (D:4)
  Blork the orc (D:4)
  A hound (D:4)
  Ijyb (D:3)
  2 orc wizards (D:5)
  6 adders
  2 worms
  2 dart slugs
  An orc (D:5)
  6 endoplasms
  3 giant cockroaches
  4 goblins
  3 hobgoblins
  10 quokkas
  6 ball pythons
  5 bats
  A frilled lizard (D:3)
  6 kobolds
  8 rats
69 creatures vanquished.

Notes
Turn   | Place    | Note
-------+----------+-------------------------------------------
     0 | D:1      | qw the Deep Elf Hunter began the quest for the Orb.
     0 | D:1      | Reached XP level 1. HP: 12/12 MP: 3/3
     0 | D:1      | 0 ||| qw: Version: 0.3-a-22-g0ed2b0b
     0 | D:1      | 0 ||| qw: Game counter: 4936
     0 | D:1      | 0 ||| qw: Melee chars always use a shield: true
     0 | D:1      | 0 ||| qw: God list: Okawaru
     0 | D:1      | 0 ||| qw: Allow faded altars: false
     0 | D:1      | 0 ||| qw: Do Orc after clearing Dungeon:15 true
     0 | D:1      | 0 ||| qw: Do second Lair branch before Depths: true
     0 | D:1      | 0 ||| qw: Lair rune preference: random
     0 | D:1      | 0 ||| qw: Goals: Normal
     0 | D:1      | 0 ||| PLANNING D:1-11
    83 | D:1      | Found Heipir's Armour Emporium.
    90 | D:1      | 90 ||| SHOPLISTING +0 helmet (63 gold, have 7).
    90 | D:1      | 90 ||| SHOPLISTING +0 leather armour of Minor Irritation
                  | {Drain Fly rPois rF+} (233 gold, have 7).
    90 | D:1      | 90 ||| SHOPLISTING +0 ring mail (56 gold, have 7).
    90 | D:1      | 90 ||| SHOPLISTING +2 helmet of Curiosity {rCorr} (379
                  | gold, have 7).
   108 | D:1      | Found Jiohacimi's General Store.
   118 | D:1      | 118 ||| SHOPLISTING 2 potions of curing (66 gold, have 15).
   118 | D:1      | 118 ||| SHOPLISTING potion of cancellation (88 gold, have
                  | 15).
   118 | D:1      | 118 ||| SHOPLISTING potion of might (44 gold, have 15).
   118 | D:1      | 118 ||| SHOPLISTING ring of protection from cold (275 gold,
                  | have 15).
   118 | D:1      | 118 ||| SHOPLISTING scroll of teleportation (33 gold, have
                  | 15).
   136 | D:1      | Reached skill level 6 in Ranged Weapons
   136 | D:1      | Reached XP level 2. HP: 5/16 MP: 4/4
   352 | D:1      | Found Cebbunk's Antique Armour Shop.
   362 | D:1      | 362 ||| SHOPLISTING cloak (81 gold, have 29).
   362 | D:1      | 362 ||| SHOPLISTING ring mail (72 gold, have 29).
   362 | D:1      | 362 ||| SHOPLISTING shiny ring mail (126 gold, have 29).
   418 | D:1      | Found Keptoleym's General Store.
   422 | D:1      | 422 ||| BUYING potion of curing (33 gold).
   422 | D:1      | Bought a potion of curing for 33 gold pieces
   422 | D:1      | 422 ||| SHOPLISTING potion of mutation (88 gold, have 4).
   693 | D:1      | 693 ||| UPGRADING to +0 pair of gloves.
   698 | D:1      | 698 ||| UPGRADING to amulet of faith.
   703 | D:1      | 703 ||| UPGRADING to ring of see invisible.
   704 | D:1      | 704 ||| READING 4 scrolls labelled EHUWOD TEA.
   709 | D:1      | 709 ||| READING 2 scrolls labelled GAULYCUHOM.
   710 | D:1      | 710 ||| DROPPING scroll of butterflies.
   746 | D:2      | 746 ||| STAIRDANCE
   853 | D:2      | Reached XP level 3. HP: 20/20 MP: 5/5
   938 | D:2      | Reached skill level 7 in Ranged Weapons
  1159 | D:2      | Found a faded altar of an unknown god.
  1604 | D:2      | 1604 ||| UPGRADING to +0 pair of boots.
  1609 | D:2      | 1609 ||| UPGRADING to +4 ring of protection.
  1610 | D:2      | 1610 ||| DROPPING ring of wizardry.
  1611 | D:2      | 1611 ||| READING scroll labelled IMEWKI KIFAICW.
  1612 | D:2      | 1612 ||| READING scroll labelled YNYKAHEFUOSI.
  1613 | D:2      | 1613 ||| READING scroll labelled YCU LOXKEYCINE.
  1614 | D:2      | 1614 ||| READING 2 scrolls of identify.
  1614 | D:2      | 1614 ||| IDENTIFYING fuming yellow potion
  1615 | D:2      | 1615 ||| DROPPING potion of degeneration.
  1681 | D:3      | Reached XP level 4. HP: 25/25 MP: 6/6
  1714 | D:3      | Noticed Ijyb
  1722 | D:3      | Paralysed by Ijyb for 3 turns
  1725 | D:3      | Killed Ijyb
  1949 | D:3      | Reached skill level 8 in Ranged Weapons
  1971 | D:3      | 1971 ||| READING scroll of enchant armour.
  1971 | D:3      | 1971 ||| ENCHANTING +0 pair of gloves.
  1976 | D:3      | Found a sparkling altar of Nemelex Xobeh.
  1978 | D:3      | Found a sacrificial altar of Ru.
  1981 | D:3      | Found a snail-covered altar of Cheibriados.
  2215 | D:3      | 2215 ||| UPGRADING to +0 ring mail.
  2225 | D:3      | 2225 ||| DROPPING +0 leather armour.
  2226 | D:3      | 2226 ||| READING scroll labelled BIEBEJIFAX.
  2227 | D:3      | 2227 ||| READING 2 scrolls of identify.
  2227 | D:3      | 2227 ||| IDENTIFYING bubbling yellow potion
  2228 | D:3      | 2228 ||| DROPPING potion of invisibility.
  2329 | D:4      | Noticed an ogre
  2338 | D:4      | Killed an ogre
  2339 | D:4      | Reached skill level 9 in Ranged Weapons
  2339 | D:4      | Reached XP level 5. HP: 15/29 MP: 7/7
  2354 | D:4      | 2354 ||| FLEEEEING.
  2355 | D:4      | 2355 ||| FLEEEEING.
  2356 | D:4      | 2356 ||| FLEEEEING.
  2357 | D:4      | 2357 ||| FLEEEEING.
  2358 | D:4      | 2358 ||| FLEEEEING.
  2359 | D:4      | 2359 ||| FLEEEEING.
  2360 | D:4      | 2360 ||| FLEEEEING.
  2361 | D:4      | 2361 ||| FLEEEEING.
  2362 | D:4      | 2362 ||| FLEEEEING.
  2365 | D:4      | 2365 ||| FLEEEEING.
  2366 | D:4      | 2366 ||| FLEEEEING.
  2367 | D:4      | 2367 ||| FLEEEEING.
  2368 | D:4      | 2368 ||| FLEEEEING.
  2369 | D:4      | 2369 ||| FLEEEEING.
  2370 | D:4      | 2370 ||| FLEEEEING.
  2371 | D:4      | 2371 ||| FLEEEEING.
  2372 | D:4      | 2372 ||| FLEEEEING.
  2373 | D:4      | 2373 ||| FLEEEEING.
  2374 | D:4      | 2374 ||| FLEEEEING.
  2375 | D:4      | 2375 ||| FLEEEEING.
  2376 | D:4      | 2376 ||| FLEEEEING.
  2377 | D:4      | 2377 ||| FLEEEEING.
  2378 | D:4      | 2378 ||| FLEEEEING.
  2382 | D:4      | 2382 ||| FLEEEEING.
  2384 | D:4      | 2384 ||| STAIRDANCE
  2454 | D:4      | Found Anivoef's Armour Emporium.
  2482 | D:4      | Found a hazy altar of Hepliaklqana.
  2517 | D:4      | Noticed Blork the orc
  2529 | D:4      | HP: 3/30 [Blork the orc/magic dart (8)]
  2530 | D:4      | 2530 ||| READING 4 scrolls of teleportation.
  2531 | D:4      | Killed Blork the orc
  2532 | D:4      | Reached XP level 6. HP: 4/36 MP: 8/8
  2798 | D:4      | Reached skill level 1 in Armour
  3024 | D:4      | 3024 ||| DROPPING ring of resist corrosion.
  3025 | D:4      | 3025 ||| READING scroll labelled BIRAZO IN GARI.
  3026 | D:4      | 3026 ||| READING scroll labelled JEIDWYTOLY.
  3027 | D:4      | 3027 ||| READING 2 scrolls of identify.
  3027 | D:4      | 3027 ||| IDENTIFYING sedimented clear potion
  3047 | D:5      | Entered Level 5 of the Dungeon
  3071 | D:5      | 3071 ||| READING scroll of enchant armour.
  3071 | D:5      | 3071 ||| ENCHANTING +1 pair of gloves.
  3079 | D:5      | 3079 ||| Stepping ~*~*~tactically~*~*~ (outnumbered).
  3083 | D:5      | 3083 ||| FLEEEEING.
  3084 | D:5      | 3084 ||| FLEEEEING.
  3100 | D:5      | 3100 ||| DRINKING potion of curing.
  3100 | D:5      | 3100 ||| (to cure confusion)
  3130 | D:5      | Noticed a water moccasin
  3138 | D:5      | HP: 7/36 [water moccasin (3)]
  3139 | D:5      | 3139 ||| READING 3 scrolls of teleportation.
  3139 | D:5      | Slain by a water moccasin

Levels and vault maps discovered:
D:1:      saegor_arrival_simple_c, layout_basic, serial_shops,
          nicolae_shop_just_a_little_nook, shop, nicolae_shop_window_shopping,
          nicolae_diamond_shop
D:2:      layout_basic, shapermc_ecumenical_altar_acropolis
D:3:      layout_basic, minitemple, uniq_ijyb
D:4:      layout_basic, nicolae_hepliaklqana_hazy_memory, serial_shops, shop,
          serial_forest, infiniplex_forest_lined_3,
          infiniplex_forest_lined_room_2, infiniplex_forest_lined_2,
          infiniplex_forest_diagonal, infiniplex_forest_zigzag_1,
          infiniplex_forest_end_2, uniq_blork_the_orc
D:5:      layout_cave_pools, gammafunk_temple_overflow_arena, serial_shops,
          nicolae_shop_hallway_plus, minmay_manual_moon

Skill      XL: |  1  2  3  4  5  6 |
---------------+-------------------+-----
Ranged Weapons | 6 7 9 |  9.4
Fighting       | 2 |  2.6
Armour         | 1 |  1.0
Dodging        | |  2.4
Stealth        | |  1.2

Action                     |  1- 3 |  4- 6 || total
---------------------------+-------+-------++-------
   Fire: Shortbow          |    92 |   151 ||   243
    Use: Scroll            |     6 |     9 ||    15
         Potion            |       |     1 ||     1
 Armour: Leather armour    |    11 |     2 ||    13
         Ring mail         |       |    40 ||    40
  Dodge: Dodged            |    31 |    48 ||    79

Table legend:
 A = Non-vault XP
 B = Vault XP
 C = Vault XP percentage of total XP
 D = Non-vault monster count
 E = Vault monster count
 F = Vault count percentage of total count
                 A         B        C        D         E       F
            +---------+---------+-------+---------+---------+-------
      Total |     402 |     145 |  26.5 |      65 |       4 |   5.8
            +---------+---------+-------+---------+---------+-------
        D:1 |      32 |       0 |   0.0 |      19 |       0 |   0.0
        D:2 |      53 |       0 |   0.0 |      16 |       0 |   0.0
        D:3 |      30 |      39 |  56.5 |      10 |       1 |   9.1
        D:4 |     212 |      99 |  31.8 |      15 |       1 |   6.2
        D:5 |      75 |       7 |   8.5 |       5 |       2 |  28.6
            +---------+---------+-------+---------+---------+-------
